 Dungeon Crawl Stone Soup version 0.24-a0-7-g1bb0902 (webtiles) character file.

Game seed: 9153783066149794593

65 Lavandula the Vandal (level 4, 0/27 HPs)
             Began as a Halfling Arcane Marksman on Jan 30, 2019.
             Killed from afar by a dart slug (4 damage)
             ... with a slug dart
             ... on level 2 of the Dungeon.
             The game lasted 00:04:02 (556 turns).

Lavandula the Vandal (Halfling Arcane Marksman)      Turns: 556, Time: 00:04:03

Health: 0/27       AC:  2    Str: 11    XL:     4   Next: 35%
Magic:  5/5        EV: 15    Int: 11    God:
Gold:   49         SH:  0    Dex: 15    Spells: 4/5 levels left

rFire    + . .     SeeInvis .   a - +0 hunting sling
rCold    . . .     Gourm    .   (shield restricted)
rNeg     . . .     Faith    .   e - +0 robe
rPois    .         Spirit   .   (no helmet)
rElec    .         Reflect  .   (no cloak)
rCorr    .         Harm     .   (no gloves)
MR       .....                  (no boots)
Stlth    +.........             (no amulet)
HPRegen  0.09/turn              n - ring of protection from fire
MPRegen  0.09/turn              (no ring)

@: no status effects
A: small, mutation resistance 1
a: no special abilities


You were on level 2 of the Dungeon.
You were not hungry.

You visited 1 branch of the dungeon, and saw 3 of its levels.

You collected 49 gold pieces.

Inventory:

Hand Weapons
 a - a +0 hunting sling (weapon)
Missiles
 d - 15 sling bullets
 k - 43 stones (quivered)
Armour
 b - a +0 ring mail
 e - a +0 robe (worn)
Jewellery
 n - a ring of protection from fire (left hand)
Scrolls
 c - a scroll of amnesia {unknown}
 h - 4 scrolls of noise {unknown}
 p - a scroll of identify {unknown}
Potions
 g - a potion of curing {unknown}
 i - a potion of brilliance {unknown}
 j - a potion of heal wounds {unknown}
 l - a potion of ambrosia {unknown}
 m - a potion of invisibility {unknown}
 o - a potion of cancellation {unknown}
Comestibles
 f - 4 rations


   Skills:
 - Level 0.8 Fighting
 + Level 6.3 Slings
 - Level 2.1 Dodging
 - Level 1.0 Spellcasting
 - Level 2.4 Hexes


You had 4 spell levels left.
You knew the following spells:

 Your Spells              Type           Power        Failure   Level  Hunger
a - Corona                Hex            #......      12%         1    ##.....

Your spell library contained the following spells:

 Spells                   Type           Power        Failure   Level  Hunger
 Slow                     Hex            #.......     19%         2    ###....
 Inner Flame              Hex/Fire       #.......     52%         3    ####...
 Portal Projectile        Hex/Tloc       #.....       52%         3    ####...
 Cause Fear               Hex            #.........   77%         4    #####..
 Leda's Liquefaction      Hex/Erth       #.........   89%         4    #####..


Dungeon Overview and Level Annotations

Branches:
Dungeon (3/15)

Altars:
Ru


Innate Abilities, Weirdness & Mutations

You are small and have problems with some larger weapons.
You are somewhat resistant to further mutation.


Message History

You shoot a stone. The stone hits the dart slug.
The dart slug is moderately wounded.
Firing (i - inventory. (/) - cycle)
k - 46 stones (quivered)
Press: ? - help, Shift-Dir - straight line, f/p - dart slug
Aim: a dart slug (moderately wounded, clinging)
You shoot a stone. The stone hits the dart slug.
The dart slug is severely wounded.
Firing (i - inventory. (/) - cycle)
k - 45 stones (quivered)
Press: ? - help, Shift-Dir - straight line, f/p - dart slug
Aim: a dart slug (severely wounded, clinging)
You shoot a stone.
The stone hits the dart slug but does no damage.
The dart slug is severely wounded.
Firing (i - inventory. (/) - cycle)
k - 44 stones (quivered)
Press: ? - help, Shift-Dir - straight line, f/p - dart slug
Aim: a dart slug (severely wounded, clinging)
You shoot a stone. The stone barely misses the dart slug.
The dart slug launches a dart at you. The slug dart hits you.
You die...

......# >..##.# #(
...# ( ..## w# .##
.## ## ..# #.## ..
###..# #.. #..@.#
.'#######'.#
#...#...#.# #####
#...#...#.# #...
#.......###
##.########._.###
........#.......###
.#.####.#...#...#.#
†#..)...#...#...#.#


You could see a dart slug.

Vanquished Creatures
  An orc wizard (D:2)
  An adder (D:2)
  2 leopard geckos (D:2)
  A bat (D:2)
  A giant cockroach (D:2)
  7 goblins
  3 hobgoblins
  5 kobolds
  A quokka (D:2)
  A frilled lizard (D:1)
  A rat (D:2)
24 creatures vanquished.

Notes
Turn   | Place    | Note
-------+----------+-------------------------------------------
     0 | D:1      | Lavandula the Halfling Arcane Marksman began the quest for
                  | the Orb.
     0 | D:1      | Reached XP level 1. HP: 12/12 MP: 2/2
   153 | D:2      | Reached skill level 4 in Slings
   153 | D:2      | Reached XP level 2. HP: 18/18 MP: 3/3
   280 | D:2      | Reached XP level 3. HP: 5/22 MP: 4/4
   323 | D:2      | Reached skill level 5 in Slings
   491 | D:2      | Found a sacrificial altar of Ru.
   515 | D:2      | Reached skill level 6 in Slings
   515 | D:2      | Reached XP level 4. HP: 5/27 MP: 5/5
   556 | D:2      | Killed from afar by a dart slug

Vault maps used:
D:1:      kennysheep_arrival_seaside
D:2:      minmay_alternating_diamond, nicolae_ru_great_annihilating_truth,
          first_ration
D:3:      gammafunk_ghost_icy

Skill      XL: |  1  2  3 |
---------------+----------+-----
Slings         | 4 6 |  6.3
Fighting       | |  0.8
Dodging        | |  2.1
Spellcasting   | |  1.0
Hexes          | |  2.4

Action                   |  1- 3 |  4- 6 || total
-------------------------+-------+-------++-------
 Fire: Hunting sling     |    80 |    10 ||    90
 Cast: Corona            |     1 |       ||     1
Armor: Robe              |     2 |       ||     2
Dodge: Dodged            |    31 |       ||    31

Table legend:
 A = Non-vault XP
 B = Vault XP
 C = Vault XP percentage of total XP
 D = Non-vault monster count
 E = Vault monster count
 F = Vault count percentage of total count
                 A         B        C        D         E       F
            +---------+---------+-------+---------+---------+-------
      Total |      45 |      49 |  52.1 |      19 |       5 |  20.8
            +---------+---------+-------+---------+---------+-------
        D:1 |      14 |       0 |   0.0 |       9 |       0 |   0.0
        D:2 |      31 |      49 |  61.2 |      10 |       5 |  33.3
            +---------+---------+-------+---------+---------+-------
